 Dungeon Crawl Stone Soup version 0.32-a0-450-g080537f31e (webtiles) character file.

Game seed: 9803558679789668949

10133 PriceMaster the Thaumaturge (level 11, -6/54 HPs)
             Began as a Spriggan Earth Elementalist on Feb 23, 2024.
             Was an Elder of Sif Muna.
             Mangled by an orc knight
             ... wielding a +0 battleaxe
              (22 damage)
             ... on level 2 of the Orcish Mines.
             The game lasted 00:42:23 (15701 turns).

PriceMaster the Thaumaturge (SpEE)                 Turns: 15701, Time: 00:42:24

Health: -6/54      AC:  3    Str:  6    XL:     11   Next: 32%
Magic:  14/29      EV: 25    Int: 20    God:    Sif Muna [****..]
Gold:   672        SH:  0    Dex: 21    Spells: 6/36 levels left

rFire   . . .        E - +5 trident
rCold   . . .        (shield currently unavailable)
rNeg    . . .        a - +1 robe
rPois   .            (helmet restricted)
rElec   .            (no cloak)
rCorr   .            (gloves unavailable)
SInv    +            (boots unavailable)
Will    +....        n - amulet of regeneration
Stlth   +++          r - +5 ring of evasion
HPRegen 1.09/turn    B - +6 ring of dexterity
MPRegen 0.21/turn

%: no passive effects
@: studying Throwing, very quick
A: very small, no large weapons, unfitting armour, see invisible, speed 3
a: Renounce Religion, Channel Magic, Forget Spell, Divine Exegesis


You were on level 2 of the Orcish Mines.
You worshipped Sif Muna.
Sif Muna was greatly pleased with you.
You visited 2 branches of the dungeon, and saw 12 of its levels.

You collected 672 gold pieces.

Inventory:

Hand Weapons
 k - a +0 whip
 z - a +1 dagger of chaos
 E - a +5 trident (weapon)
 H - a +0 short sword
Missiles
 C - 4 throwing nets
Armour
 a - a +1 robe (worn)
 A - a +0 pair of boots
 K - a +0 pair of gloves
 L - +0 swamp dragon scales
Jewellery
 n - an amulet of regeneration (around neck)
 r - a +5 ring of evasion (left hand)
 v - a ring of magical power
 w - an amulet of guardian spirit
 B - a +6 ring of dexterity (right hand)
Wands
 b - a wand of charming (5)
 J - a wand of flame (15)
 M - a wand of digging (4)
 N - a wand of polymorph (7)
Scrolls
 j - a scroll of silence
 l - a scroll of revelation
 p - a scroll of immolation
 s - 4 scrolls of vulnerability
 t - 4 scrolls of noise
 y - a scroll of poison
 F - a scroll of fog
 I - a scroll of amnesia
Potions
 c - 3 potions of curing
 d - 2 potions of lignification {unknown}
 e - a potion of enlightenment {unknown}
 i - a potion of might {unknown}
 o - a potion of brilliance {unknown}
 q - a potion of resistance {unknown}
 u - 3 potions of attraction {unknown}
 x - a potion of ambrosia {unknown}
 D - a potion of cancellation {unknown}
 G - 2 potions of haste {unknown}


   Skills:
 * Level 4.5 Fighting
 + Level 3.2 Short Blades
 + Level 0.3 Maces & Flails
 + Level 1.5 Polearms
 + Level 4.8 Dodging
 + Level 5.3 Stealth
 * Level 13.2 Spellcasting
 + Level 2.6 Conjurations
 + Level 1.8 Ice Magic
 * Level 10.1 Earth Magic
 + Level 1.1 Alchemy
 + Level 1.5 Evocations


You had 6 spell levels left.
You knew the following spells:

 Your Spells              Type           Power      Damage    Failure   Level
a - Sandblast             Erth           100%       2d20      1%          1
b - Hailstorm             Conj/Ice       22%        3d7       6%          3
c - Stone Arrow           Conj/Erth      76%        3d11      1%          3
d - Brom's Barrelling Bo  Conj/Erth      38%        2d6       3%          4
e - Petrify               Alch/Erth      35%        N/A       4%          4
f - Leda's Liquefaction   Alch/Erth      17%        N/A       4%          4
g - Frozen Ramparts       Ice            40%        1d7       7%          3
h - Lee's Rapid Deconstr  Erth           26%        3d14*     2%          5
i - Swiftness             Air            13%        N/A       16%         3

Your spell library contained the following spells:

 Spells                   Type           Power      Damage    Failure   Level
 Magic Dart               Conj           92%        1d7       1%          1
 Passwall                 Erth           52%        N/A       1%          3
 Freeze                   Ice            80%        1d9       2%          1
 Foxfire                  Conj/Fire      72%        2x1d7     3%          1
 Shock                    Conj/Air       72%        1d7       3%          1
 Cigotuvi's Dreadful Rot  Necr/Alch/Air  28%        N/A       6%          2
 Mercury Vapours          Alch/Air       30%        N/A       6%          2
 Ozocubu's Armour         Ice            20%        N/A       7%          3
 Jinxbite                 Hex            26%        N/A       8%          2
 Dazzling Flash           Conj/Hex       36%        N/A       9%          3
 Mephitic Cloud           Conj/Alch/Air  18%        N/A       9%          3
 Fugue of the Fallen      Necr           13%        N/A       16%         3
 Teleport Other           Tloc           13%        N/A       16%         3
 Borgnjor's Vile Clutch   Necr/Erth      16%        N/A       17%         5
 Sticky Flame             Fire/Alch      15%        2d5       36%         4
 Airstrike                Air            6%         2d(1-17)  45%         4
 Manifold Assault         Tloc           13%        N/A       45%         4
 Passage of Golubria      Tloc           13%        N/A       45%         4
 Summon Blazeheart Golem  Fire/Summ      13%        N/A       45%         4
 Freezing Cloud           Conj/Ice/Air   9%         6-21      58%         5
 Yara's Violent Unravell  Hex/Alch       7%         3d5       73%         5
 Summon Forest            Summ/Tloc      6%         N/A       80%         5
 Summon Cactus Giant      Summ           6%         N/A       100%        6
 Enfeeble                 Hex            6%         N/A       100%        7


Dungeon Overview and Level Annotations

Branches:
Dungeon (10/15)            Temple (0/1) D:7             Orc (2/2) D:10
   Lair: D:8-11         Elf: Orc:2

Altars:
Dithmenos
Elyvilon
Hepliaklqana
Makhleb
Okawaru
Ru
Sif Muna
Xom
Zin

Annotations:
Orc:1 1 runed translucent door, MrSquiggles's ghost, journeyman DsWn


Innate Abilities, Weirdness & Mutations

You are very small and have problems with some larger weapons.
You are too small for most types of armour.
You have supernaturally acute eyesight. (SInv)
You cover ground extremely quickly. (Speed+++)


Message History

2 orcs come into view.
An orc comes into view. It is wielding a +0 hand axe.
The troll shouts!
The orc priest calls down the wrath of Beogh upon you.
Beogh smites you!
The orc warrior throws a boomerang.
The boomerang completely misses you.
You hear a shout!
The orc shouts!
Okay, then.
As you read the scroll of teleportation, it crumbles to dust.
You feel strangely unstable.
You hear a shout!
The orc priest invokes the aid of Beogh against you.
Beogh smites you!
* * * LOW HITPOINT WARNING * * *
An orc priest comes into view. It is wielding a +0 short sword.
You feel better.
The orc priest mumbles some strange prayers to Beogh against you.
You easily resist.
The orc high priest prays to Beogh.
You feel better. The orc warrior misses you.
An orc priest comes into view. It is wielding a +0 mace.
The orc warrior closely misses you.
You feel better.
The orc priest mumbles some strange prayers to Beogh against you.
Beogh smites you! The orc warrior completely misses you.
The orc warrior hits you from afar with a +0 glaive!
* * * LOW HITPOINT WARNING * * *
An ogre comes into view. It is wielding a +0 giant club.
The orc warrior misses you.
You feel better.
Your surroundings suddenly seem different. 23 orcs come into view.
An orc knight is wielding a +3 long sword of electrocution and wearing a +0 chain mail of willpower.
The orc priest shouts!
The orc warrior shouts!
The orc knight shouts!
You hear a shout!
The orc priest shouts!
You hear a shout!
The orc priest shouts!
The orc high priest shouts!
You hear a shout! x2
The orc warrior shouts!
You hear a shout! x2; The orc warrior shouts!
You hear a shout!
The orc knight hits you with a +0 battleaxe!!
You die...

#............
## #
###.......)..
#.. .
#...........
##.#.##
#.........#.
.......##
#...........
o .oo#.o#
##.#......#.
.o. o.o.##
####.......
.#...#...#
##.#....
.o.oo..@.#
##.....
.#ooo#.o..#
... ..oo..# .
.o.#...o#
.o.....o..#
.#o..#.o..#
.o. .....##
.#.. #...#


You could see 4 orc knights, an orc high priest, 8 orc warriors, 6 orc priests
and 4 orcs.

Vanquished Creatures
  Harold (D:9)
  A two-headed ogre (D:10)
  Pikel (D:5)
  A kobold demonologist (D:10)
  A merfolk (D:10)
  Prince Ribbit (D:5)
  15 yaks
  3 wyverns
  A shadow (D:10)
  A wraith (D:10)
  2 wargs
  An acid dragon (D:8)
  3 water moccasins
  An ice beast (D:7)
  5 orc warriors
  A sky beast (D:6)
  A black bear (D:7)
  An ogre (Orc:1)
  4 centaurs
  3 lemures (D:5)
  A phantom (D:10)
  3 kobold brigands
  Blork the orc (D:5)
  5 bullfrogs
  A jelly (D:5)
  9 wights
  A troll zombie (D:10)
  An electric eel (D:7)
  5 howler monkeys
  2 bombardier beetles
  4 crimson imps (D:4)
  13 orc priests
  A gnoll bouda (D:9)
  6 hounds
  13 orc wizards
  4 iguanas
  A sleepcap (D:4)
  5 ogre zombies (D:10)
  6 gnolls
  5 adders
  A shadow imp (D:5)
  A dart slug (D:2)
  2 ribbon worms
  52 orcs
  3 bats
  8 endoplasms
  4 giant cockroaches
  8 goblins
  4 hobgoblins
  6 jackals
  9 kobolds
  A quokka (D:4)
  7 ball pythons
  A frilled lizard (D:3)
  2 gnoll skeletons (D:10)
  A gnoll zombie (D:10)
  2 orc skeletons (D:10)
  12 orc zombies (D:10)
  4 rats
  8 boulders
271 creatures vanquished.

Vanquished Creatures (collateral kills)
  A howler monkey (D:7)
  An ogre zombie (D:10)
  An orc skeleton (D:10)
  7 orc zombies (D:10)
  13 boulders
23 creatures vanquished.

Vanquished Creatures (others)
  An ogre zombie (D:10)
  10 boulders
11 creatures vanquished.

Grand Total: 305 creatures vanquished

Notes
Turn   | Place    | Note
-------+----------+-------------------------------------------
     0 | D:1      | PriceMaster the Spriggan Earth Elementalist began the quest
                  | for the Orb.
     0 | D:1      | Reached XP level 1. HP: 9/9 MP: 5/5
   178 | D:1      | Learned a level 1 spell: Freeze
   427 | D:1      | Reached skill level 3 in Spellcasting
   428 | D:1      | Reached XP level 2. HP: 13/13 MP: 2/7
  1335 | D:2      | Reached XP level 3. HP: 16/16 MP: 0/8
  1339 | D:2      | Learned a level 3 spell: Stone Arrow
  1890 | D:3      | Reached XP level 4. HP: 14/21 MP: 1/10
  2151 | D:3      | Found a faded altar of an unknown god.
  2370 | D:3      | Reached skill level 4 in Spellcasting
  2910 | D:3      | Reached XP level 5. HP: 24/24 MP: 12/12
  2934 | D:3      | Got the Tome of Victory
  3329 | D:4      | Noticed a water moccasin
  3335 | D:4      | Killed a water moccasin
  3336 | D:4      | Reached XP level 6. HP: 28/28 MP: 6/14
  3641 | D:4      | Reached skill level 5 in Spellcasting
  3903 | D:4      | Found a shimmering blue altar of Sif Muna.
  3922 | D:4      | Reached skill level 5 in Earth Magic
  3938 | D:4      | Became a worshipper of Sif Muna the Loreminder
  4023 | D:4      | Found a shimmering altar of Xom.
  4295 | D:4      | Reached skill level 1 in Short Blades
  4350 | D:4      | Reached XP level 7. HP: 32/32 MP: 16/16
  4538 | D:5      | Entered Level 5 of the Dungeon
  4552 | D:5      | Noticed Blork the orc
  4562 | D:5      | Killed Blork the orc
  4809 | D:5      | Found a white marble altar of Elyvilon.
  4829 | D:5      | Reached skill level 6 in Spellcasting
  4841 | D:5      | Noticed Prince Ribbit
  4851 | D:5      | Killed Prince Ribbit
  4852 | D:5      | Reached skill level 1 in Conjurations
  5005 | D:5      | Reached * piety under Sif Muna
  5051 | D:5      | Reached skill level 1 in Fighting
  5051 | D:5      | Reached XP level 8. HP: 16/37 MP: 17/19
  5242 | D:5      | Noticed Pikel
  5264 | D:5      | Killed Pikel
  5265 | D:5      | Reached skill level 7 in Spellcasting
  5736 | D:5      | Reached skill level 8 in Spellcasting
  5736 | D:5      | Reached skill level 1 in Evocations
  5842 | D:5      | Found an iron altar of Okawaru.
  6001 | D:6      | Found a shadowy altar of Dithmenos.
  6189 | D:6      | Reached XP level 9. HP: 42/42 MP: 2/22
  6425 | D:7      | Found a hazy altar of Hepliaklqana.
  6443 | D:7      | Reached skill level 9 in Spellcasting
  6727 | D:7      | Learned a level 3 spell: Hailstorm
  6732 | D:7      | Learned a level 4 spell: Brom's Barrelling Boulder
  6870 | D:7      | Found a staircase to the Ecumenical Temple.
  7072 | D:7      | Reached ** piety under Sif Muna
  7403 | D:7      | Learned a level 4 spell: Petrify
  7732 | D:7      | Reached skill level 10 in Spellcasting
  8394 | D:7      | Identified 2 scrolls of acquirement
  8394 | D:7      | Acquired the Monograph on the Singularity and the Yliaster
  8401 | D:7      | Learned a level 4 spell: Leda's Liquefaction
  8405 | D:7      | Learned a level 3 spell: Frozen Ramparts
  8464 | D:8      | Reached skill level 5 in Stealth
  9028 | D:8      | Acquired the Folio of the Glowing Volcano
  9036 | D:8      | Learned a level 5 spell: Lee's Rapid Deconstruction
  9069 | D:8      | Reached XP level 10. HP: 49/49 MP: 6/25
  9458 | D:8      | Found a glowing silver altar of Zin.
  9739 | D:8      | Learned a level 3 spell: Swiftness
 10336 | D:9      | Found a sacrificial altar of Ru.
 10819 | D:9      | Reached skill level 11 in Spellcasting
 11363 | D:9      | Reached *** piety under Sif Muna
 11672 | D:9      | Noticed Harold
 11687 | D:9      | Killed Harold
 11688 | D:9      | Reached skill level 12 in Spellcasting
 11688 | D:9      | Reached skill level 1 in Alchemy
 11969 | D:9      | Found a burning altar of Makhleb.
 12194 | D:10     | Entered Level 10 of the Dungeon
 12625 | D:10     | Reached skill level 1 in Ice Magic
 13050 | D:10     | Reached XP level 11. HP: 53/53 MP: 7/28
 13055 | D:10     | Reached skill level 13 in Spellcasting
 13169 | D:10     | Reached **** piety under Sif Muna
 13202 | D:10     | Noticed a two-headed ogre
 13235 | D:10     | Killed a two-headed ogre
 13236 | D:10     | Reached skill level 1 in Polearms
 13272 | D:10     | Found a staircase to the Orcish Mines.
 13901 | Orc:1    | Entered Level 1 of the Orcish Mines
 14296 | Orc:1    | Found a runed translucent door.
 14299 | Orc:1    | Noticed MrSquiggles's ghost (journeyman DsWn)
 14319 | Orc:1    | Reached skill level 10 in Earth Magic
 14356 | Orc:1    | Noticed an orc warlord
 15010 | Orc:2    | Entered Level 2 of the Orcish Mines
 15435 | Orc:2    | Upgraded the game from 0.32-a0-433-g08bcfe7efd to
                  | 0.32-a0-450-g080537f31e
 15693 | Orc:2    | Noticed an orc high priest
 15701 | Orc:2    | Noticed an orc knight
 15701 | Orc:2    | Noticed an orc knight
 15701 | Orc:2    | Noticed an orc high priest
 15701 | Orc:2    | Noticed an orc knight
 15701 | Orc:2    | Noticed an orc knight
 15701 | Orc:2    | Mangled by an orc knight

Illustrated notes

Levels and vault maps discovered:
D:1:      ldierk_walled_garden_2, layout_loops_ring
D:2:      layout_basic
D:3:      layout_loops_corners, dreamdust_ecumenical_altar_hidden_monk_grotto,
          st_stairs_12, minmay_misc_feat_plants
D:4:      layout_loops_ring, mainiacjoe_overflow_cross_hatched, led_xom_imps,
          hangedman_decor_riveting, kennysheep_generic_room_14
D:5:      layout_basic, okawaru_gym_becter, nicolae_elyvilon_temple_path,
          kb_lookout_dungeons_type, hangedman_decor_growths,
          uniq_prince_ribbit1, uniq_pikel, uniq_blork_the_orc
D:6:      layout_gridville, mainiacjoe_overflow_paths, serial_glass,
          glass_columns_a, glass_columns_c, minmay_misc_feat_x
D:7:      wander_river, layout_basic, nzn_hepliaklqana_mist_gate,
          minmay_temple_entry_ruins, enter_bailey_7, minivault_4,
          minmay_manual_mess
D:8:      layout_loops_ring, zin_academy
D:9:      layout_grid_maze, bloody_makhleb, kennysheep_little_box,
          skrybe_limestone_x, uniq_harold
D:10:     layout_rooms, zombieorc2_lemuel, hangedman_fish_farm
Orc:1:    layout_diamond_mine, hellmonk_ghost_happy_afterlife, basic_altar,
          regret_index_minedec_devilstone
Orc:2:    st_orc_pillars, layout_caves, gauntlet_entry_generic,
          nicolae_orc_pool_cavern

Skill      XL: |  1  2  3  4  5  6  7  8  9 10 11 |
---------------+----------------------------------+-----
Spellcasting   | 3 4 5 6 8 10 12 13 | 13.2
Earth Magic    | 3 4 5 6 7 8 9 10 | 10.1
Dodging        | 3 4 |  4.8
Short Blades   | 1 2 3 |  3.2
Conjurations   | 1 2 |  2.6
Fighting       | 1 2 3 4 |  4.5
Stealth        | 4 5 |  5.3
Evocations     | 1 |  1.5
Alchemy        | 1 |  1.1
Ice Magic      | 1 |  1.8
Polearms       | 1 |  1.5
Maces & Flails | |  0.3

Action                     |  1- 3 |  4- 6 |  7- 9 | 10-12 || total
---------------------------+-------+-------+-------+-------++-------
  Melee: Unarmed           |     6 |       |       |       ||     6
         Whip              |    12 |    23 |       |       ||    35
         Dagger            |       |    31 |    93 |       ||   124
         Trident           |       |       |    29 |   124 ||   153
   Cast: Sandblast         |    42 |    39 |    31 |    46 ||   158
         Freeze            |     8 |     4 |       |       ||    12
         Stone Arrow       |     2 |    22 |    75 |    37 ||   136
         Brom's Barrelling |       |       |    16 |    31 ||    47
         Hailstorm         |       |       |     9 |     7 ||    16
         Petrify           |       |       |     5 |    19 ||    24
         Lee's Rapid Decon |       |       |     3 |    50 ||    53
         Leda's Liquefacti |       |       |     3 |     3 ||     6
         Frozen Ramparts   |       |       |     2 |     6 ||     8
 Invoke: Channel Magic     |       |       |       |     2 ||     2
  Evoke: Wand              |       |       |     5 |    13 ||    18
    Use: Scroll            |       |       |     4 |    14 ||    18
         Potion            |       |       |     2 |     6 ||     8
   Stab: Sleeping          |       |     2 |     1 |       ||     3
         Confused          |       |     1 |       |       ||     1
         Petrified         |       |       |     3 |     7 ||    10
         Distracted        |       |       |       |     1 ||     1
 Armour: Robe              |    26 |    27 |    39 |    42 ||   134
  Dodge: Dodged            |    45 |    80 |   184 |   161 ||   470

Table legend: (Time is in decaauts)
 A = Elapsed time spent in this place.
 B = Non-inter-level travel time spent in this place.
 C = Inter-level travel time spent in this place.
 D = Time resting spent in this place.
 E = Time spent auto-exploring this place.
 F = Levels seen in this place.
 G = Mean time per level.
                   A        B        C        D        E       F      G
               +--------+--------+--------+--------+--------+-----+--------+
         Total |  13155 |  12958 |    197 |   5713 |   5217 |  12 | 1096.2 |
       Dungeon |  12063 |  11866 |    197 |   4976 |   5126 |  10 | 1206.3 |
  Orcish Mines |   1092 |   1092 |      0 |    737 |     91 |   2 |  546.0 |
               +--------+--------+--------+--------+--------+-----+--------+

Top non-repeatable levels by time:
     D:9: 2149 daAuts
     D:7: 1696 daAuts
     D:8: 1616 daAuts
    D:10: 1565 daAuts
     D:5: 1208 daAuts
     D:3: 1098 daAuts
     D:4: 1048 daAuts
     D:1: 755 daAuts
   Orc:2: 614 daAuts
     D:2: 592 daAuts
   Orc:1: 478 daAuts
     D:6: 333 daAuts
